 Dungeon Sprint DCSS version 0.17-a0-2007-g96ac4c4 (webtiles) character file.

2991 Ordine the Ninja (level 9, -6/39 HPs)
             Began as a Spriggan Enchanter on Oct 9, 2015.
             Was a Believer of Dithmenos.
             Killed by an exploding giant spore (26 damage)
             ... in the Dungeon (Sprint I: "Red Sonja").
             The game lasted 00:03:20 (374 turns).

Ordine the Ninja (Spriggan Enchanter)                Turns: 374, Time: 00:03:21

Health: -6/39      AC:  3    Str:  4    XL:     9   Next: 54%
Magic:  14/14      EV: 18    Int: 19    God:    Dithmenos [**....]
Gold:   522        SH:  0    Dex: 17    Spells: 3 memorised, 7 levels left

rFire  . . .     SeeInvis +     a - +1 dagger
rCold  . . .     Clarity  .     b - +1 robe
rNeg   . . .     SustAt   .     (shield restricted)
rPois  .         Gourm    .     (helmet restricted)
rElec  .         Spirit   .     (no cloak)
rCorr  .         Warding  .     (gloves unavailable)
rMut   .         NoTele   +     (boots unavailable)
MR     +....                    (no amulet)
Stlth  +++++.....               (no ring)
                                (no ring)

@: confused, wreathed by umbra, very quick, somewhat resistant to hostile
enchantments, quite stealthy
A: unfitting armour, see invisible, herbivore 3, speed 3, slow metabolism 2
a: Shadow Step, Renounce Religion


You were in the Dungeon.
You worshipped Dithmenos.
Dithmenos was pleased with you.
You were not hungry.

You visited 1 branch You collected 522 gold pieces.

Inventory:

Hand Weapons
 a - a +1 dagger (weapon)
 m - a +0 blowgun
Missiles
 o - a curare-tipped needle
Armour
 b - a +1 robe (worn)
Scrolls
 j - 2 scrolls of blinking
Potions
 e - a potion of curing
 f - a potion of heal wounds
 g - a potion of haste
 h - 2 potions of magic
 i - a potion of berserk rage
Books
 c - a book of Maledictions

   Spells                             Type                      Level
   a - Corona                         Hexes                        1
   b - Ensorcelled Hibernation        Hexes/Ice                    2
   c - Confuse                        Hexes                        3
   d - Tukima's Dance                 Hexes                        3
   e - Dazzling Spray                 Conjuration/Hexes            3
Comestibles
 d - a bread ration


   Skills:
 + Level 9.0 Short Blades
 - Level 3.0 Dodging
 O Level 27 Stealth
 - Level 2.6 Spellcasting
 - Level 3.6 Hexes


You had 7 spell levels left.
You knew the following spells:

 Your Spells              Type           Power        Failure   Level  Hunger
a - Corona                Hex            ###....      4%          1    None
b - Ensorcelled Hibernat  Hex/Ice        #.....       14%         2    ##.....
c - Confuse               Hex            ###.....     12%         3    ###....


Dungeon Overview and Level Annotations

Branches:
Dungeon (1/1)

Altars:
Cheibriados
Dithmenos
Elyvilon
Fedhas
Gozag
Kikubaaqudgha
Makhleb
Nemelex Xobeh
Okawaru
Qazlal
Ru
Sif Muna
Trog
Vehumet
Xom
Yredelemnul
Zin
The Shining One
Jiyva

Shops:
D }![


Innate Abilities, Weirdness & Mutations

You are tiny and cannot use many weapons and most armour.
You have supernaturally acute eyesight.
You are a herbivore.
You cover ground extremely quickly.
You need consume almost no food.


Message History

Press: ? - help, Shift-Dir - straight line, f/p - giant spore
Aim: a giant spore You shoot a curare-tipped needle.
The curare-tipped needle hits the giant spore.
Things that are here:
a potion of degeneration; a dagger of distortion; the kobold corpse of Sonja
Found 54 gold pieces.
There is an open door here.
Wield which item (- for none, * to show all)? (? for menu, Esc to quit)
a - a +1 dagger (weapon)
The giant spore waves its rhizomes.
The giant spore explodes!
A fungus suddenly grows.
The explosion of spores engulfs you!
You are confused.
The explosion of spores engulfs the giant spore.
The giant spore explodes!
The explosion of spores engulfs you!
You are more confused.
Ouch! That really hurt!
You die...

#..#_..__##'#..'§§§§.+
#⌠⌠#_.∩..†'..._#§≈§.)#
####_..._##_.#'##'####
#_____###'#(#/§.)###
############.####'###)##
#∩........'...'..†..'.∩#
###++++####.!.##########
##.## #@# #P($!$#
#$/?/$# #######


There were no monsters in sight!

Vanquished Creatures
  2 centaur warriors (D)
  Sonja (D)
  A deep troll (D)
  A slime creature (D)
  A yak (D)
  Sigmund (D)
  An ogre (D)
  A jelly (D)
  Ijyb (D)
10 creatures vanquished.

Vanquished Creatures (others)
  A gargoyle (D)
1 creature vanquished.

Grand Total: 11 creatures vanquished

Notes
Turn   | Place    | Note
--------------------------------------------------------------
     0 | D        | Ordine the Spriggan Enchanter began the quest for the Orb.
     0 | D        | Reached XP level 1. HP: 9/9 MP: 5/5
     2 | D        | Noticed Ijyb
    19 | D        | Killed Ijyb
    19 | D        | Reached skill level 10 in Stealth
    19 | D        | Reached XP level 2. HP: 8/13 MP: 6/6
    23 | D        | Learned a level 2 spell: Ensorcelled Hibernation
   142 | D        | Noticed an ogre
   145 | D        | Killed an ogre
   145 | D        | Reached skill level 14 in Stealth
   145 | D        | Reached XP level 3. HP: 16/16 MP: 8/8
   145 | D        | Reached XP level 4. HP: 21/21 MP: 9/9
   152 | D        | Learned a level 3 spell: Confuse
   161 | D        | Noticed Sigmund
   164 | D        | Killed Sigmund
   164 | D        | Reached skill level 18 in Stealth
   164 | D        | Reached XP level 5. HP: 24/24 MP: 10/10
   164 | D        | Reached XP level 6. HP: 28/28 MP: 11/11
   178 | D        | Found a deep blue altar of Sif Muna.
   179 | D        | Found a snail-covered altar of Cheibriados.
   179 | D        | Found a viscous altar of Jiyva.
   179 | D        | Found a shadowy altar of Dithmenos.
   179 | D        | Found a blossoming altar of Fedhas.
   179 | D        | Noticed a slime creature
   180 | D        | Noticed a jelly
   182 | D        | Killed a slime creature
   182 | D        | Reached skill level 20 in Stealth
   185 | D        | Became a worshipper of Dithmenos the Shadowed
   191 | D        | Found a radiant altar of Vehumet.
   195 | D        | Killed a jelly
   221 | D        | Found Opliedd's Distillery.
   221 | D        | Found a white marble altar of Elyvilon.
   221 | D        | Found a stormy altar of Qazlal.
   221 | D        | Found a burning altar of Makhleb.
   221 | D        | Found a sacrificial altar of Ru.
   221 | D        | Found a basalt altar of Yredelemnul.
   221 | D        | Found a glowing golden altar of the Shining One.
   221 | D        | Found a sparkling altar of Nemelex Xobeh.
   221 | D        | Found a shimmering altar of Xom.
   221 | D        | Found an opulent altar of Gozag.
   221 | D        | Found an ancient bone altar of Kikubaaqudgha.
   221 | D        | Found a glowing silver altar of Zin.
   221 | D        | Noticed a yak
   222 | D        | Found an iron altar of Okawaru.
   223 | D        | Killed a yak
   223 | D        | Reached skill level 21 in Stealth
   223 | D        | Reached XP level 7. HP: 32/32 MP: 12/12
   224 | D        | Found a bloodstained altar of Trog.
   240 | D        | Noticed a centaur warrior
   240 | D        | Noticed a centaur warrior
   243 | D        | Killed a centaur warrior
   243 | D        | Reached skill level 24 in Stealth
   243 | D        | Reached XP level 8. HP: 36/36 MP: 13/13
   244 | D        | Killed a centaur warrior
   244 | D        | Reached skill level 26 in Stealth
   266 | D        | Noticed Sonja
   270 | D        | Killed Sonja
   270 | D        | Reached skill level 27 in Stealth
   270 | D        | Reached skill level 5 in Short Blades
   270 | D        | Reached XP level 9. HP: 39/39 MP: 14/14
   280 | D        | Killed a gargoyle
   293 | D        | Found Vehamp's Gadget Boutique.
   313 | D        | Noticed a deep troll
   317 | D        | Killed a deep troll
   317 | D        | Acquired Dithmenos's first power
   327 | D        | Found Ynaucre's Armour Emporium.
   374 | D        | Killed by an exploding giant spore

Vault maps used:
D:        dungeon_sprint_1

Action                   |  1- 3 |  4- 6 |  7- 9 || total
-------------------------+-------+-------+-------++-------
Melee: Dagger            |    16 |     4 |     4 ||    24
 Fire: Blowgun           |       |       |     3 ||     3
  Use: Scroll            |       |       |     2 ||     2
 Stab: Sleeping          |     1 |     4 |     4 ||     9
